 Dungeon Crawl Stone Soup version 0.22-a0-248-gc8378ba (webtiles) character file.

51 KristoblXynda the Slasher (level 3, -2/29 HPs)
             Began as a Draconian Gladiator on Feb 28, 2018.
             Slain by a worm (8 damage)
             ... on level 2 of the Dungeon.
             The game lasted 00:02:25 (1481 turns).

KristoblXynda the Slasher (Draconian Gladiator)     Turns: 1481, Time: 00:02:26

Health: -2/29      AC:  5    Str: 16    XL:     3   Next: 58%
Magic:  3/3        EV: 12    Int:  9    God:
Gold:   77         SH:  3    Dex: 12    Spells: 2/2 levels left

rFire    . . .     SeeInvis .   a - +0 long sword
rCold    . . .     Gourm    .   j - +0 buckler
rNeg     . . .     Faith    .   (armour unavailable)
rPois    .         Spirit   .   b - +0 hat
rElec    .         Reflect  .   (no cloak)
rCorr    .         Harm     .   (no gloves)
MR       .....                  (no boots)
Stlth    +.........             (no amulet)
HPRegen  0.09/turn              (no ring)
MPRegen  0.08/turn              (no ring)

@: no status effects
A: unfitting armour, cold-blooded, AC +5
a: no special abilities


You were on level 2 of the Dungeon.
You were not hungry.

You visited 1 branch of the dungeon, and saw 2 of its levels.

You collected 77 gold pieces.

Inventory:

Hand Weapons
 a - a +0 long sword (weapon)
Missiles
 c - 3 throwing nets (quivered)
Armour
 b - a +0 hat (worn)
 j - a +0 buckler (worn)
Jewellery
 g - an uncursed ring of resist corrosion {unknown}
Scrolls
 h - a scroll of teleportation {unknown}
 l - a scroll of identify {unknown}
 m - 2 scrolls of remove curse {unknown}
 n - a scroll of blinking {unknown}
Potions
 e - 2 potions of curing {unknown}
 f - a potion of might {unknown}
 i - a potion of lignification {unknown}
 k - 2 potions of brilliance {unknown}
 p - a potion of haste {unknown}
Comestibles
 d - a ration


   Skills:
 - Level 2.1 Fighting
 * Level 4.0 Long Blades
 - Level 2.0 Throwing
 + Level 3.2 Dodging


You had 2 spell levels left.
You didn't know any spells.

Dungeon Overview and Level Annotations

Branches:
Dungeon (2/15)

Altars:


Innate Abilities, Weirdness & Mutations

Your plain brown scales are hard. (AC +5)
You cannot fit into any form of body armour.
You are cold-blooded and may be slowed by cold attacks.


Message History

The worm bites you.
You slash the worm!
Your tail-slap misses the worm.
The worm is severely wounded.
The worm bites you!
* * * LOW HITPOINT WARNING * * *
You hit the worm but do no damage. You tail-slap the worm.
The worm is severely wounded.
You hit the worm.
The worm is almost dead.
The worm barely misses you.
You riposte.
You hit the worm.
The worm is almost dead.
You hit the worm but do no damage.
The worm is almost dead.
The worm bites you but does no damage.
You barely miss the worm. You tail-slap the worm.
The worm is almost dead.
Your shield prevents you from hitting the worm.
The worm is almost dead.
The worm bites you!
You die...

#####
#######..##<
##...##
#........##.
##.###.##
#.######.#..
##.## ##.## #.#
#.... #.##
##.###.########..
#.#
#...............
#.##
##.###.#########.
##.## ##w##
#.#### #.
##.###@## #....#
## ##...## ####.#
##.## #.# #.# #.#
#÷# #.# #.# #.#
#.## #.# #..#
##†# ##.#
#..##♣♣♣♣♣


You could see a worm.

Vanquished Creatures
  A gnoll (D:1)
  2 adders (D:2)
  A leopard gecko (D:1)
  2 giant cockroaches (D:1)
  4 goblins
  2 hobgoblins (D:1)
  2 bats (D:1)
  2 frilled lizards (D:2)
  3 kobolds
  6 rats
25 creatures vanquished.

Notes
Turn   | Place    | Note
-------+----------+-------------------------------------------
     0 | D:1      | KristoblXynda the Draconian Gladiator began the quest for the Orb.
     0 | D:1      | Reached XP level 1. HP: 17/17 MP: 1/1
   192 | D:1      | Reached XP level 2. HP: 13/24 MP: 2/2
   784 | D:2      | Reached XP level 3. HP: 25/29 MP: 3/3
  1082 | D:2      | Reached skill level 4 in Long Blades
  1270 | D:2      | HP: 1/29 [worm (10)]
  1481 | D:2      | Slain by a worm

Vault maps used:
D:1:      mrwooster_arrival_statue_3
D:2:      serial_forest, infiniplex_forest_end_2, infiniplex_forest_clump_tiny,
          infiniplex_forest_pool, infiniplex_forest_clump_large,
          infiniplex_forest_end_2, infiniplex_forest_end_2

Skill      XL: |  1  2  3 |
---------------+----------+-----
Throwing       | 2 |  2.0
Dodging        | 3 |  3.2
Long Blades    | 4 |  4.0
Fighting       | |  2.1

Action                   || total
-------------------------++-------
Melee: Long sword        ||    80
       Tailslap          ||    10
 Stab: Sleeping          ||     1
  Eat: Ration            ||     1
       Chunk             ||     1
Armor: Skin              ||    18
Dodge: Dodged            ||    53
Block: Buckler           ||     1
       Rpst.: Long sword ||    15

Table legend:
 A = Spawn XP
 B = Non-spawn XP
 C = Spawn XP percentage of total XP
 D = Spawn monster count
 E = Non-spawn monster count
 F = Spawn count percentage of total count
 G = Total turns spent on level
                    A         B        C        D         E        F      G
               +---------+---------+-------+---------+---------+-------+---------
         Total |       0 |      74 |   0.0 |       0 |      25 |   0.0 |  1481
               +---------+---------+-------+---------+---------+-------+---------
           D:1 |       0 |      40 |   0.0 |       0 |      17 |   0.0 |   776
           D:2 |       0 |      34 |   0.0 |       0 |       8 |   0.0 |   705
               +---------+---------+-------+---------+---------+-------+---------
